 Dungeon Crawl Stone Soup version 0.30-a0-618-gd6c86c23d0 (webtiles) character file.

Game seed: 12738990426207388448

3024 Zonian the Covert (level 9, -4/48 HPs)
             Began as a Vine Stalker Brigand on Jan 10, 2023.
             Was a Follower of Uskayaw.
             Slain by a hornet (6 damage)
             ... on level 6 of the Dungeon.
             The game lasted 00:18:00 (7870 turns).

Zonian the Covert (Vine Stalker Brigand)            Turns: 7870, Time: 00:18:00

Health: -4/48      AC:  6    Str: 10 (12) XL:     9   Next: 85%
Magic:  0/12       EV: 15    Int:  9 (11) God:    Uskayaw [*.....]
Gold:   487        SH:  0    Dex: 19 (20) Spells: 8/8 levels left

rFire   . . .      SeeInvis .    a - +2 dagger (venom)
rCold   + . .      Faith    .    (no shield)
rNeg    . . .      Spirit   +    b - +0 robe
rPois   .          Reflect  .    D - +0 helmet
rElec   .          Harm     .    c - +1 cloak
rCorr   .          Rampage  .    x - +0 pair of gloves
Will    +....                    (no boots)
Stlth   ++++                     (no amulet)
HPRegen 1.08/turn                h - ring of protection from cold
MPRegen 0.13/turn                (no ring)

@: lethally poisoned (-4 -> -13), slowed, very slow
A: fangs 3, regeneration 1, magic shield, antimagic bite, no potion heal 2, low
MP 1, weak 1
a: Renounce Religion, Stomp


You were on level 6 of the Dungeon.
You worshipped Uskayaw.
Uskayaw was noncommittal.
You visited 1 branch of the dungeon, and saw 7 of its levels.

You collected 487 gold pieces.

Inventory:

Hand Weapons
 a - a +2 dagger of venom (weapon)
 o - a +2 dagger of venom
 B - a +3 hand axe
 C - a +2 dagger of flaming
Missiles
 d - 15 poisoned darts (quivered)
 e - 3 curare-tipped darts
 m - 3 javelins
 q - 10 boomerangs
Armour
 b - a +0 robe (worn)
 c - a +1 cloak (worn)
 x - a +0 pair of gloves (worn)
 D - a +0 helmet (worn)
Jewellery
 h - a ring of protection from cold (left hand)
Wands
 l - a wand of flame (12)
Scrolls
 s - a scroll of fog
Potions
 f - 2 potions of brilliance
 g - 3 potions of degeneration
 i - a potion of magic {unknown}
 j - a potion of might {unknown}
 k - a potion of heal wounds
 n - 3 potions of haste
 t - 2 potions of lignification {unknown}
 u - a potion of attraction
 v - 3 potions of flight
 z - 2 potions of ambrosia


   Skills:
 + Level 5.6 Fighting
 + Level 5.7 Short Blades
 - Level 3.7 Throwing
 + Level 4.9 Dodging
 + Level 9.2 Stealth
 + Level 4.4 Invocations


You had 8 spell levels left.
You didn't know any spells.
Your spell library contained the following spells:

 Spells                   Type           Power      Damage    Failure   Level
 Magic Dart               Conj           0%         1d3       38%         1
 Call Imp                 Summ           0%         N/A       52%         2
 Ensorcelled Hibernation  Hex/Ice        0%         N/A       52%         2
 Passwall                 Tmut/Erth      0%         N/A       52%         2
 Gell's Gravitas          Tloc           0%         N/A       77%         3
 Lesser Beckoning         Tloc           0%         N/A       77%         3
 Mephitic Cloud           Conj/Pois/Air  0%         N/A       77%         3
 Ozocubu's Armour         Ice            0%         N/A       77%         3
 Swiftness                Air            0%         N/A       77%         3
 Teleport Other           Tloc           0%         N/A       77%         3
 Petrify                  Tmut/Erth      0%         N/A       99%         4
 Metabolic Englaciation   Hex/Ice        0%         N/A       100%        5
 Simulacrum               Ice/Necr       0%         N/A       100%        6
 Statue Form              Tmut/Erth      0%         N/A       100%        6
 Ozocubu's Refrigeration  Ice            0%         4d7       100%        7


Dungeon Overview and Level Annotations

Branches:
Dungeon (7/15)             Temple (0/1) D:5

Altars:
Cheibriados
Dithmenos
Fedhas
Kikubaaqudgha
Makhleb
Okawaru
Qazlal
Trog
Uskayaw

Shops:
D:2 *


Innate Abilities, Weirdness & Mutations

You have razor-sharp teeth.
Your natural rate of healing is unusually fast.
When hurt, damage is shared between your health and your magic reserves.
Your bite disrupts and absorbs the magic of your enemies.
Potions cannot restore your health.
Your magical capacity is low. (-10% MP)
You are weak. (Str -2)


Message History

You are poisoned.
You suddenly lose the ability to move!
The hornet stings you!
You feel as though you will be slow longer.
You feel very sick.
The hornet stings you but does no damage.
You feel sick. The hornet stings you.
You are more poisoned.
You feel as though you will be slow longer.
The hornet barely misses you.
You can move again.
There is a stone staircase leading up here.
You feel very sick. The hornet closely misses you. The hornet stings you.
You shrug off the repeated paralysis!
You climb upwards.
Reactivating autopickup.
You feel very sick.
There is a stone staircase leading down here.
Unknown command.
It was a potion of degeneration.
There was something very wrong with that liquid.
You feel weakened.
You feel dopey.
You feel clumsy.
You feel yourself speed up.
You feel sick. The hornet misses you. The hornet stings you.
* * * LOW HITPOINT WARNING * * *
You are more poisoned.
You feel yourself slow down.
Okay, then.
Okay, then.
It was a potion of heal wounds.
That seemed strangely inert.
You feel very sick.
The hornet stings you but does no damage. x2
It was a potion of mutation.
You feel extremely strange.
You feel less energetic.
You feel weaker.
You feel yourself speed up.
You feel very sick. The hornet stings you!
* * * LOW HITPOINT WARNING * * *
You are lethally poisoned!
You feel yourself slow down. The hornet stings you!
You die...

#.## ######.# ##...8.## ..#
#.### ##..)#.#### #.#
#...###.........# #.##
###..##...[.....# ...#
#....##.........# ####
#.##.##.........# #
#####.##.##.........# #
#.#.......#y........# ####
#.#.#.....@.........# ...#
#......#.##.........#
##.####.#..###.############
#.............#
#####.#.#..#####
###.#)#.#..#<#
...........#.#
###.######...# # #.# #####


You could see a hornet.

Vanquished Creatures
  A hornet (D:7)
  Sigmund (D:4)
  2 steam dragons
  Duvessa (D:7)
  A sky beast (D:7)
  An ice beast (D:7)
  Pargi (D:4)
  3 ogres
  A centaur (D:7)
  3 phantoms
  3 necrophages
  2 bullfrogs
  2 scorpions (D:4)
  2 wights (D:6)
  Dowan (D:7)
  5 killer bees (D:7)
  3 jellies
  A hound (D:5)
  5 orc priests
  4 iguanas
  Natasha (thrice) (D:3)
  3 orc wizards
  11 adders
  A shadow imp (D:5)
  2 white imps (D:7)
  An ufetubus (D:5)
  A worm (D:4)
  4 dart slugs
  23 orcs
  5 ball pythons
  3 bats
  4 endoplasms
  2 giant cockroaches
  6 hobgoblins
  5 kobolds
  3 quokkas
  4 frilled lizards (D:3)
  6 goblins
  5 rats
135 creatures vanquished.

Vanquished Creatures (others)
  A white imp (D:5)
1 creature vanquished.

Grand Total: 136 creatures vanquished

Notes
Turn   | Place    | Note
-------+----------+-------------------------------------------
     0 | D:1      | Zonian the Vine Stalker Brigand began the quest for the
                  | Orb.
     0 | D:1      | Reached XP level 1. HP: 11/11 MP: 2/2
    19 | D:1      | You fall into a shaft and drop 1 floor!
   162 | D:1      | Reached skill level 1 in Dodging
   162 | D:1      | Reached XP level 2. HP: 15/15 MP: 3/3
   249 | D:1      | Reached skill level 5 in Stealth
   627 | D:2      | Found Yskar's General Store.
   703 | D:2      | Reached XP level 3. HP: 18/18 MP: 4/4
  1147 | D:3      | Noticed Natasha
  1150 | D:3      | Killed Natasha
  1151 | D:3      | Gained mutation: Your natural rate of healing is unusually
                  | fast. [Vine Stalker growth]
  1151 | D:3      | Reached XP level 4. HP: 23/23 MP: 5/5
  1231 | D:3      | Found a burning altar of Makhleb.
  1232 | D:3      | Found a blossoming altar of Fedhas.
  1233 | D:3      | Found an ancient bone altar of Kikubaaqudgha.
  1237 | D:3      | Found a hide-covered altar of Uskayaw.
  1250 | D:3      | Became a worshipper of Uskayaw the Reveller
  1278 | D:3      | Reached * piety under Uskayaw
  1378 | D:3      | Found a bloodstained altar of Trog.
  1597 | D:3      | Noticed Natasha
  1617 | D:3      | Killed Natasha
  1617 | D:3      | Reached ** piety under Uskayaw
  1618 | D:3      | Reached XP level 5. HP: 21/27 MP: 3/6
  1652 | D:3      | Noticed Natasha
  1661 | D:3      | Killed Natasha
  1912 | D:3      | Found a snail-covered altar of Cheibriados.
  2102 | D:4      | HP: 1/27 [iguana (7)]
  2109 | D:4      | Noticed Sigmund
  2252 | D:4      | Reached skill level 6 in Stealth
  2252 | D:4      | Reached XP level 6. HP: 27/32 MP: 5/7
  2487 | D:4      | Noticed Pargi
  3186 | D:4      | Reached *** piety under Uskayaw
  3187 | D:4      | Killed Pargi
  3188 | D:4      | Reached XP level 7. HP: 21/36 MP: 8/8
  3297 | D:4      | Killed Sigmund
  3955 | D:5      | Entered Level 5 of the Dungeon
  3989 | D:5      | Reached skill level 7 in Stealth
  3989 | D:5      | Gained mutation: You have razor-sharp teeth. [Vine Stalker
                  | growth]
  3989 | D:5      | Reached XP level 8. HP: 18/42 MP: 9/9
  4285 | D:5      | Reached skill level 1 in Invocations
  4458 | D:5      | Found a staircase to the Ecumenical Temple.
  5345 | D:6      | Found an iron altar of Okawaru.
  5404 | D:6      | Reached skill level 8 in Stealth
  5461 | D:6      | Reached XP level 9. HP: 46/46 MP: 12/12
  5522 | D:6      | Found a shadowy altar of Dithmenos.
  5623 | D:6      | Reached skill level 5 in Fighting
  5623 | D:6      | Reached skill level 5 in Short Blades
  7015 | D:7      | Noticed a hornet
  7016 | D:7      | Noticed a hornet
  7022 | D:7      | Noticed a hornet
  7102 | D:7      | Found a stormy altar of Qazlal.
  7106 | D:7      | Noticed Duvessa
  7108 | D:7      | Noticed Dowan
  7118 | D:7      | Killed Duvessa
  7132 | D:7      | Killed Dowan
  7268 | D:7      | Reached **** piety under Uskayaw
  7272 | D:7      | Reached ***** piety under Uskayaw
  7732 | D:7      | Killed a hornet
  7733 | D:7      | Reached skill level 9 in Stealth
  7863 | D:7      | Paralysed by a hornet for 3 turns
  7870 | D:6      | Gained mutation: Your magical capacity is low. (-10% MP)
                  | [potion of mutation]
  7870 | D:6      | Gained mutation: You are weak. (Str -2) [potion of
                  | mutation]
  7870 | D:6      | HP: 2/48 [hornet (4)]
  7870 | D:6      | Slain by a hornet

Illustrated notes

Levels and vault maps discovered:
D:1:      pf_arrival_petrified_forest, layout_rooms
D:2:      layout_loops_ring, serial_shops, shop
D:3:      layout_basic, mainiacjoe_overflow_alcove_2, lemuel_tele_altar,
          chequers_temple_overflow_statue_of_worship, serial_bayou_lake_a,
          uniq_natasha
D:4:      layout_layer_cave, uniq_pargi, uniq_sigmund
D:5:      layout_basic, minmay_temple_entry_antechambers, serial_corexii_hall,
          chequers_hall_statues_y, chequers_hall_statues_corner_a
D:6:      layout_basic, lemuel_crystal_altar, general_overflow_altar,
          hangedman_abyss_or_decor_stabs, grunt_ministairs_2
D:7:      layout_gridville, mainiacjoe_overflow_tiny_flanked,
          minmay_joined_circles, uniq_duvessa

Skill      XL: |  1  2  3  4  5  6  7  8  9 |
---------------+----------------------------+-----
Dodging        | 1 2 3 4 |  4.9
Stealth        | 5 6 7 8 9 |  9.2
Fighting       | 2 3 4 5 |  5.6
Throwing       | 2 3 |  3.7
Short Blades   | 2 3 4 5 |  5.7
Invocations    | 2 4 |  4.4

Action                   |  1- 3 |  4- 6 |  7- 9 || total
-------------------------+-------+-------+-------++-------
Melee: Dagger            |    49 |    89 |   283 ||   421
       Bite              |     6 |    22 |   101 ||   129
       Punch             |     1 |       |     2 ||     3
Throw: Dart              |     6 |    32 |    33 ||    71
Invok: Line Pass         |       |       |     1 ||     1
  Use: Scroll            |       |     6 |     9 ||    15
       Potion            |       |       |     6 ||     6
 Stab: Sleeping          |     8 |    11 |    14 ||    33
       Distracted        |     1 |       |       ||     1
       Paralysed         |       |     1 |     2 ||     3
       Invisible         |       |       |     4 ||     4
Armor: Robe              |    15 |    15 |    36 ||    66
Dodge: Dodged            |    16 |    44 |   168 ||   228

Table legend: (Time is in decaauts)
 A = Elapsed time spent in this place.
 B = Non-inter-level travel time spent in this place.
 C = Inter-level travel time spent in this place.
 D = Time resting spent in this place.
 E = Time spent auto-exploring this place.
 F = Levels seen in this place.
 G = Mean time per level.
                   A        B        C        D        E       F      G
               +--------+--------+--------+--------+--------+-----+--------+
         Total |   7794 |   7544 |    250 |   2470 |   3212 |   7 | 1113.4 |
       Dungeon |   7794 |   7544 |    250 |   2470 |   3212 |   7 | 1113.4 |
               +--------+--------+--------+--------+--------+-----+--------+

Top non-repeatable levels by time:
     D:4: 1964 daAuts
     D:5: 1656 daAuts
     D:6: 1101 daAuts
     D:7: 1063 daAuts
     D:3: 880 daAuts
     D:2: 775 daAuts
     D:1: 352 daAuts
